 Dungeon Crawl Stone Soup version 0.25.0 (webtiles) character file.

Game seed: 1158037589144257647

65 MDvedh the Chopper (level 3, -11/31 HPs)
             Began as a Minotaur Fighter on June 12, 2020.
             Killed by divine providence
             ... invoked by an orc priest
              (16 damage)
             ... on level 3 of the Dungeon.
             The game lasted 00:01:22 (1519 turns).

MDvedh the Chopper (Minotaur Fighter)               Turns: 1519, Time: 00:01:23

Health: -11/31     AC:  6    Str: 21    XL:     3   Next: 92%
Magic:  2/2        EV:  7    Int:  5    God:
Gold:   61         SH:  9    Dex:  9    Spells: 2/2 levels left

rFire    . . .     SeeInvis .   a - +0 war axe
rCold    . . .     Gourm    .   c - +0 kite shield
rNeg     . . .     Faith    .   b - +0 scale mail
rPois    .         Spirit   .   (helmet restricted)
rElec    .         Reflect  .   (no cloak)
rCorr    .         Harm     .   (no gloves)
MR       .....                  (no boots)
Stlth    ..........             (no amulet)
HPRegen  0.10/turn              (no ring)
MPRegen  0.08/turn              (no ring)

@: no status effects
A: retaliatory headbutt, horns 2
a: no special abilities


You were on level 3 of the Dungeon.
You were not hungry.

You visited 1 branch of the dungeon, and saw 3 of its levels.

You collected 61 gold pieces.

Inventory:

Hand Weapons
 a - a +0 war axe (weapon)
Armour
 b - a +0 scale mail (worn)
 c - a +0 kite shield (worn)
Scrolls
 h - 4 scrolls of identify {unknown}
 i - a scroll of blinking {unknown}
 k - 4 scrolls of remove curse {unknown}
 m - a scroll of fear {unknown}
Potions
 d - a potion of might
 e - a potion of heal wounds {unknown}
 j - a potion of mutation {unknown}
 l - a potion of brilliance {unknown}
 n - a potion of stabbing {unknown}
Comestibles
 f - 7 rations
 g - 6 chunks of flesh


   Skills:
 - Level 3.6 Fighting
 + Level 5.2 Axes
 - Level 3.6 Armour
 - Level 3.6 Shields


You had 2 spell levels left.
You didn't know any spells.
Your spell library was empty.

Dungeon Overview and Level Annotations

Branches:
Dungeon (3/15)

Altars:
Nemelex Xobeh
Sif Muna


Innate Abilities, Weirdness & Mutations

You reflexively headbutt those who attack you in melee.
You have a pair of horns on your head.


Message History

You block the orc's attack.
Unknown command.
You are too injured to fight recklessly!
Unknown command.
You are too injured to fight recklessly!
Unknown command.
You barely miss the orc priest.
The orc priest is almost dead.
Your shield and scale mail prevent you from hitting the orc.
The orc priest hits you but does no damage.
You block the orc's attack. The orc hits you with a +0 dagger.
* * * LOW HITPOINT WARNING * * *
You block the orc priest's attack.
You hit the orc priest.
The orc priest is almost dead.
You closely miss the orc. The orc hits you but does no damage.
The orc priest invokes the aid of Beogh against you.
Beogh smites you!
Ouch! That really hurt!
You die...

#.......(......
......#........##
.....#.......... .
.............#
..##...........#
........#......#
#..oo'......#
#.#...@#......#
...........>...#
....#......####### ...
#............#
####....#.....#......#
#.......#............#
#.......###..........#
#.......# #.......##.#
#.......# #.......##.#


You could see an orc priest and an orc.

Vanquished Creatures
  2 adders
  3 dart slugs
  2 leopard geckos (D:1)
  An orc (D:3)
  3 giant cockroaches
  4 goblins (D:1)
  7 hobgoblins
  A quokka (D:2)
  5 bats
  4 frilled lizards
  4 kobolds
  3 rats (D:1)
39 creatures vanquished.

Notes
Turn   | Place    | Note
-------+----------+-------------------------------------------
     0 | D:1      | MDvedh the Minotaur Fighter began the quest for the Orb.
     0 | D:1      | Reached XP level 1. HP: 19/19 MP: 0/0
   110 | D:1      | Reached skill level 3 in Axes
   149 | D:1      | Reached XP level 2. HP: 22/26 MP: 1/1
   482 | D:1      | Reached skill level 4 in Axes
   616 | D:1      | Reached XP level 3. HP: 29/31 MP: 2/2
   815 | D:2      | Found a sparkling altar of Nemelex Xobeh.
  1046 | D:2      | Found a shimmering blue altar of Sif Muna.
  1429 | D:3      | Reached skill level 5 in Axes
  1519 | D:3      | Killed from afar by an orc priest

Illustrated notes

Levels and vault maps discovered:
D:1:      minmay_arrival_five_plusses, layout_basic
D:2:      layout_loops_cross, lemuel_blue_sif_altar, overflow_temple_1_default,
          first_ration
D:3:      wad_lake_hut, layout_basic, st_stairs_7

Skill      XL: |  1  2  3 |
---------------+----------+-----
Axes           | 3 4 5 |  5.2
Fighting       | |  3.6
Armour         | |  3.6
Shields        | |  3.6

Action                   || total
-------------------------++-------
Melee: War axe           ||   105
       Headbutt          ||    12
  Eat: Chunk             ||     2
Armor: Scale mail        ||    46
Dodge: Dodged            ||    35
Block: Kite shield       ||    55
